 Dungeon Crawl Stone Soup version 0.32-a0-629-g87aaac5c70 (webtiles) character file.

Game seed: 4342848400689434451

428 slavik159 the Chopper (level 6, -15/58 HPs)
             Began as a Minotaur Monk on Mar 6, 2024.
             Killed by an exploding ogre (17 damage)
             ... ignited by their inner flame
             ... on level 5 of the Dungeon.
             The game lasted 00:04:13 (3474 turns).

slavik159 the Chopper (Minotaur Monk)               Turns: 3474, Time: 00:04:14

Health: -15/58     AC: 10    Str: 23    XL:     6   Next: 65%
Magic:  5/5        EV: 10    Int:  7    God:
Gold:   149        SH:  0    Dex: 16    Spells: 5/5 levels left

rFire   . . .        a - +0 hand axe (flame)
rCold   . . .        d - orb {light}
rNeg    . . .        l - +0 chain mail
rPois   .            (helmet restricted)
rElec   .            (no cloak)
rCorr   +            (no gloves)
SInv    .            x - +0 pair of boots
Will    .....        (no amulet) Stlth
                     s - +6 ring of strength
HPRegen 0.29/turn    C - ring of Seogyrij {rCorr Dex+3}
MPRegen 0.09/turn

%: no passive effects
@: about to teleport, glowing
A: horns 2, retaliatory headbutt
a: no special abilities


You were on level 5 of the Dungeon.
You visited 1 branch of the dungeon, and saw 5 of its levels.

You collected 149 gold pieces.

Inventory:

Hand Weapons
 a - a +0 hand axe of flaming (weapon)
Missiles
 c - a throwing net
 k - 5 silver javelins (quivered)
Armour
 d - an orb of light (worn)
 l - a +0 chain mail (worn)
 x - a +0 pair of boots (worn)
Jewellery
 s - a +6 ring of strength (left hand)
 B - a ring of protection from cold
 C - the ring of Seogyrij (right hand) {rCorr Dex+3}
   (You found it on level 4 of the Dungeon)

   [ring of resist corrosion]

   Dex+3:     It affects your dexterity (+3).
   rCorr:     It protects you from acid and corrosion.
Wands
 A - a wand of mindburst (5)
Scrolls
 g - a scroll of immolation
 i - 2 scrolls of amnesia
 n - a scroll of teleportation
 t - a scroll of poison {unknown}
 u - 3 scrolls of enchant armour {unknown}
 y - a scroll of vulnerability {unknown}
 z - 5 scrolls of identify {unknown}
Potions
 b - a potion of lignification {unknown}
 j - 3 potions of heal wounds {unknown}
 m - 5 potions of curing {unknown}
 o - a potion of brilliance {unknown}
 p - a potion of degeneration {unknown}
 q - a potion of haste {unknown}
 r - 2 potions of attraction {unknown}
 v - a potion of magic {unknown}
 w - a potion of mutation {unknown}


   Skills:
 * Level 6.4 Fighting
 * Level 6.4 Axes
 + Level 3.3 Armour
 - Level 3.2 Dodging


You had 5 spell levels left.
You didn't know any spells.
Your spell library contained the following spells:

 Spells                   Type           Power      Damage    Failure   Level
 Freeze                   Ice            0%         1d3       96%         1
 Frozen Ramparts          Ice            0%         1d1       100%        3
 Hailstorm                Conj/Ice       0%         3d5       100%        3


Dungeon Overview and Level Annotations

Branches:
Dungeon (5/15)             Temple (0/1) D:4

Altars:


Innate Abilities, Weirdness & Mutations

You have a pair of horns on your head.
You reflexively headbutt those who attack you in melee.


Message History

The ogre hits you with a +0 giant spiked club!!
As you read the scroll labelled ASAASS IHOSSUARUE, it crumbles to dust.
It is a scroll of brand weapon.
Your +0 hand axe is engulfed in flames!
a - a +0 hand axe of flaming (weapon)
The adder bites you but does no damage.
The phantom hits you but does no damage.
The adder bites you but does no damage.
As you read the scroll labelled GYXZUKHLURPH, it crumbles to dust.
The creatures around you are filled with an inner flame!
It was a scroll of immolation.
The phantom hits you.
The phantom blinks!
You blink.
Unknown command.
As you read the scroll labelled LIPTOANOS, it crumbles to dust.
You feel aware of your surroundings.
You sensed 1 altar.
It was a scroll of revelation.
The phantom closely misses you.
As you read the scroll labelled XUVA KUCVETWU, it crumbles to dust.
It is a scroll of amnesia.
You feel forgetful for a moment. The phantom barely misses you.
You furiously retaliate!
You headbutt the phantom!
Flame seeps out of the phantom.
As you read the scroll labelled FISHREXZ LIZXIJ, it crumbles to dust.
You feel strangely unstable.
It was a scroll of teleportation.
The phantom is engulfed in blazing flames.
Flame seeps out of the phantom.
The phantom hits you but does no damage.
The adder bites you but does no damage.
Unknown command.
As you read the scroll labelled GEF PAIMUXT, it crumbles to dust.
You assume a fearsome visage.
The ogre looks frightened!
The adder looks frightened!
The phantom is unaffected.
It was a scroll of fear.
The phantom is engulfed in blazing flames.
The phantom explodes!
The fiery explosion engulfs the adder!!
The fiery explosion engulfs the ogre!!
The fiery explosion engulfs you!!
Ouch! That really hurt!
* * * LOW HITPOINT WARNING * * *
The ogre explodes!
The fiery explosion engulfs you!
You die...

,,,*,,,,,* *,,,*
**,,,,,,,############.#.*
**,,,,,,.##########..##*
***,,,>.#########..###
**,,,..#######..####*
**,...######.......*
***...####>.......*
*#..##....######*
####...$§@§§..###*
##.......§°§§.....*
#........§§§§.....*
#.................*
#.................*
##...............#*
###.............##
##...............##
####...#...........#*


There were no monsters in sight!

Vanquished Creatures
  An ice beast (D:5)
  An ogre (D:5)
  A phantom (D:5)
  A bombardier beetle (D:5)
  2 hounds (D:5)
  2 orc priests (D:5)
  An iguana (D:5)
  7 adders
  2 ufetubi (D:5)
  4 dart slugs
  A ribbon worm (D:2)
  5 orcs
  3 ball pythons
  4 bats (D:2)
  10 endoplasms
  3 giant cockroaches
  3 goblins
  7 hobgoblins
  2 kobolds
  6 quokkas
  12 frilled lizards
  5 rats
83 creatures vanquished.

Notes
Turn   | Place    | Note
-------+----------+-------------------------------------------
     0 | D:1      | slavik159 the Minotaur Monk began the quest for the Orb.
     0 | D:1      | Reached XP level 1. HP: 19/19 MP: 0/0
   257 | D:1      | Reached XP level 2. HP: 26/27 MP: 1/1
   354 | D:1      | Reached skill level 1 in Armour
   703 | D:2      | Reached XP level 3. HP: 33/33 MP: 2/2
  1525 | D:3      | Found a faded altar of an unknown god.
  1588 | D:3      | Reached XP level 4. HP: 39/41 MP: 3/3
  2346 | D:4      | Reached skill level 5 in Axes
  2406 | D:4      | Reached skill level 5 in Fighting
  2449 | D:4      | Found a staircase to the Ecumenical Temple.
  2524 | D:4      | Identified the ring of Seogyrij {rCorr Dex+3}
  2873 | D:5      | Entered Level 5 of the Dungeon
  2890 | D:5      | Reached XP level 5. HP: 17/48 MP: 4/4
  3038 | D:5      | Noticed an ogre
  3246 | D:5      | Noticed an ice beast
  3250 | D:5      | Reached XP level 6. HP: 53/57 MP: 5/5
  3257 | D:5      | Killed an ice beast
  3474 | D:5      | HP: 2/58 [spore (29)]
  3474 | D:5      | Killed by an exploding ogre... ignited by their inner flame

Illustrated notes

Levels and vault maps discovered:
D:1:      heliophobic_arrival_battle_scene, layout_loops_cross, serial_glass,
          glass_columns_a, glass_columns_a, minmay_lizard_pond
D:2:      layout_basic, minmay_hedge_maze
D:3:      layout_loops_corners, shapermc_ecumenical_altar_gd
D:4:      layout_basic, minmay_temple_entry_slanted
D:5:      layout_cave_pods, slow_altar_2, hangedman_decor_growths,
          serial_park_tiny_2

Skill      XL: |  1  2  3  4  5  6 |
---------------+-------------------+-----
Axes           | 4 5 6 |  6.4
Fighting       | 4 5 6 |  6.4
Armour         | 1 2 3 |  3.3
Dodging        | |  3.2

Action                     |  1- 3 |  4- 6 || total
---------------------------+-------+-------++-------
  Melee: Hand axe          |    89 |    81 ||   170
         Headbutt          |    22 |    16 ||    38
    Use: Potion            |       |     1 ||     1
         Scroll            |       |     6 ||     6
 Armour: Chain mail        |    50 |    72 ||   122
         Robe              |     2 |       ||     2
  Dodge: Dodged            |    34 |    44 ||    78

Table legend: (Time is in decaauts)
 A = Elapsed time spent in this place.
 B = Non-inter-level travel time spent in this place.
 C = Inter-level travel time spent in this place.
 D = Time resting spent in this place.
 E = Time spent auto-exploring this place.
 F = Levels seen in this place.
 G = Mean time per level.
                   A        B        C        D        E       F      G
               +--------+--------+--------+--------+--------+-----+--------+
         Total |   3482 |   3341 |    141 |    289 |   2560 |   5 |  696.4 |
       Dungeon |   3482 |   3341 |    141 |    289 |   2560 |   5 |  696.4 |
               +--------+--------+--------+--------+--------+-----+--------+

Top non-repeatable levels by time:
     D:3: 909 daAuts
     D:2: 689 daAuts
     D:4: 688 daAuts
     D:1: 677 daAuts
     D:5: 517 daAuts
